 Dungeon Crawl Stone Soup version 0.21-a0-349-g0c35859 (webtiles) character file.

426 Irenicus the Insei (level 6, 0/47 HPs)
             Began as a Gnoll Transmuter on Oct 8, 2017.
             Slain by Edmund
             ... wielding a +2 flail of holy wrath
              (6 damage)
             ... on level 4 of the Dungeon.
             The game lasted 00:09:06 (3309 turns).

Irenicus the Insei (Gnoll Transmuter)               Turns: 3309, Time: 00:09:07

Health: 0/47       AC:  3    Str: 15 (17) XL:     6   Next: 97%
Magic:  14/14      EV: 15    Int: 13 (15) God:
Gold:   226        SH:  0    Dex: 15 (18) Spells: 14/15 levels left

rFire    + . .     SeeInvis .     - Unarmed
rCold    . . .     Gourm    .   (no shield)
rNeg     . . .     Faith    .   b - +0 robe
rPois    .         Spirit   .   q - +0 helmet
rElec    .         Reflect  .   (no cloak)
rCorr    .         Harm     .   (no gloves)
MR       .....                  (no boots)
Stlth    ++........             (no amulet)
HPRegen  0.15/turn              u - ring of protection from fire
MPRegen  0.14/turn              (no ring)

@: mighty
A: distributed training, fangs 1, strong nose
a: no special abilities


You were on level 4 of the Dungeon.
You were hungry.

You visited 1 branch of the dungeon, and saw 4 of its levels.

You collected 226 gold pieces.

Inventory:

Hand Weapons
 r - a +0 flail of crushing
Missiles
 n - 53 arrows
Armour
 b - a +0 robe (worn)
 q - a +0 helmet (worn)
Jewellery
 o - an uncursed ring of ice
 u - a ring of protection from fire (left hand)
 y - an uncursed ring of wizardry {unknown}
Scrolls
 a - a scroll of fog {unknown}
 g - a scroll of identify {unknown}
 h - a scroll of blinking {unknown}
 m - a scroll of enchant weapon {unknown}
 p - a scroll of teleportation {unknown}
 t - a scroll of amnesia {unknown}
 w - a scroll of immolation {unknown}
 x - a scroll of random uselessness {unknown}
Potions
 e - 5 potions of curing
 f - 2 potions of haste
 j - a potion of brilliance {unknown}
 l - a potion of degeneration
 s - 2 potions of agility {unknown}
 v - a potion of might
Books
 c - a book of Changes

   Spells                             Type                      Level
   a - Beastly Appendage              Transmutation                1
   b - Sticks to Snakes               Transmutation                2
   c - Spider Form                    Transmutation/Poison         3
   d - Ice Form                       Ice/Transmutation            4
   e - Blade Hands                    Transmutation                5
Comestibles
 d - 6 bread rations
 i - 2 meat rations
 k - 2 royal jellies


   Skills:
 + Level 3.3 Fighting
 + Level 2.1 Short Blades
 + Level 2.1 Long Blades
 + Level 2.1 Axes
 + Level 2.1 Maces & Flails
 + Level 2.1 Polearms
 + Level 2.1 Staves
 + Level 2.1 Slings
 + Level 2.1 Bows
 + Level 2.1 Crossbows
 + Level 2.1 Throwing
 + Level 2.1 Armour
 + Level 5.0 Dodging
 + Level 2.1 Stealth
 + Level 2.1 Shields
 + Level 6.9 Unarmed Combat
 + Level 5.4 Spellcasting
 + Level 2.1 Conjurations
 + Level 2.1 Hexes
 + Level 2.1 Charms
 + Level 2.1 Summonings
 + Level 2.1 Necromancy
 + Level 2.1 Translocations
 + Level 5.0 Transmutations
 + Level 2.1 Fire Magic
 + Level 2.1 Ice Magic
 + Level 2.1 Air Magic
 + Level 2.1 Earth Magic
 + Level 2.1 Poison Magic
 + Level 2.1 Invocations
 + Level 2.1 Evocations


You had 14 spell levels left.
You knew the following spells:

 Your Spells              Type           Power        Failure   Level  Hunger
a - Beastly Appendage     Tmut           ###...       2%          1    None


Dungeon Overview and Level Annotations

Branches:
Dungeon (4/15)
 Temple: D:4-7

Altars:
Hepliaklqana
Ru

Annotations:
D:4 Edmund


Innate Abilities, Weirdness & Mutations

Your experience applies equally to all skills.
You have very sharp teeth.
Your uncanny sense of smell can sniff out nearby items.


Message History

It was a potion of might.
You feel very mighty all of a sudden.
Things that are here:
a ring mail; a flail You punch Edmund!
You bite Edmund.
Edmund is almost dead.
Edmund closely misses you.
You closely miss Edmund. Your bite misses Edmund.
Edmund is almost dead.
Edmund hits you with a flail of holy wrath.
* * * LOW HITPOINT WARNING * * *
You completely miss Edmund.
Edmund is almost dead.
You barely miss Edmund.
Edmund is almost dead.
Edmund closely misses you.
You barely miss Edmund.
Edmund is almost dead.
Edmund hits you with a flail of holy wrath.
You die...

##.############
##.#....@......#
###.###.########)#
...## ##.# #.#
###[###.## #.#
...@.#..# #.#
#####.#.# #.# #
###.# #.# # #.#
#@# #######.###
#@# ..........#
###.###
#########.#
#.[[..# ∆ ∆ #.#
#(###.# ∆ #.# #(#
#.# ∆#.# #.###.# '
#.# #.....# # ∆#.#
##.####


You could see Edmund.

Vanquished Creatures
  A phantom (D:3)
  A bullfrog (D:3)
  A hound (D:4)
  A bullfrog skeleton (D:4)
  An orc wizard (D:4)
  4 gnolls
  5 adders
  An ooze (D:2)
  2 worms (D:2)
  3 dart slugs
  A leopard gecko (D:2)
  16 orcs
  5 bats
  5 giant cockroaches
  5 goblins
  4 hobgoblins
  12 jackals
  2 ball pythons
  3 frilled lizards
  5 kobolds
  3 rats
81 creatures vanquished.

Notes
Turn   | Place    | Note
-------+----------+-------------------------------------------
     0 | D:1      | Irenicus the Gnoll Transmuter began the quest for the Orb.
     0 | D:1      | Reached XP level 1. HP: 17/17 MP: 6/6
   223 | D:1      | Reached XP level 2. HP: 23/23 MP: 5/7
   655 | D:2      | Reached XP level 3. HP: 28/28 MP: 9/9
   658 | D:2      | Reached skill level 5 in Spellcasting
   959 | D:2      | Reached skill level 1 in Short Blades
   959 | D:2      | Reached skill level 1 in Long Blades
   959 | D:2      | Reached skill level 1 in Axes
   959 | D:2      | Reached skill level 1 in Maces & Flails
   959 | D:2      | Reached skill level 1 in Polearms
   959 | D:2      | Reached skill level 1 in Staves
   959 | D:2      | Reached skill level 1 in Slings
   959 | D:2      | Reached skill level 1 in Bows
   959 | D:2      | Reached skill level 1 in Crossbows
   959 | D:2      | Reached skill level 1 in Throwing
   959 | D:2      | Reached skill level 1 in Armour
   959 | D:2      | Reached skill level 1 in Stealth
   959 | D:2      | Reached skill level 1 in Shields
   959 | D:2      | Reached skill level 1 in Conjurations
   959 | D:2      | Reached skill level 1 in Hexes
   959 | D:2      | Reached skill level 1 in Charms
   959 | D:2      | Reached skill level 1 in Summonings
   959 | D:2      | Reached skill level 1 in Necromancy
   959 | D:2      | Reached skill level 1 in Translocations
   959 | D:2      | Reached skill level 1 in Fire Magic
   959 | D:2      | Reached skill level 1 in Ice Magic
   959 | D:2      | Reached skill level 1 in Air Magic
   959 | D:2      | Reached skill level 1 in Earth Magic
   959 | D:2      | Reached skill level 1 in Poison Magic
   959 | D:2      | Reached skill level 1 in Invocations
   959 | D:2      | Reached skill level 1 in Evocations
   993 | D:2      | Found a sacrificial altar of Ru.
  1019 | D:2      | Reached XP level 4. HP: 34/34 MP: 9/11
  1581 | D:3      | Noticed a phantom
  1771 | D:3      | Killed a phantom
  1771 | D:3      | Reached XP level 5. HP: 14/41 MP: 10/12
  1910 | D:3      | Reached XP level 6. HP: 27/47 MP: 11/13
  2271 | D:4      | Noticed Edmund
  2488 | D:4      | Reached skill level 5 in Dodging
  2488 | D:4      | Reached skill level 5 in Transmutations
  2940 | D:4      | Found a hazy altar of Hepliaklqana.
  3255 | D:4      | Noticed a hippogriff
  3309 | D:4      | Slain by Edmund

Vault maps used:
D:1:      dpeg_arrival_yet_another_circle
D:2:      nicolae_ru_path_of_blood
D:3:      first_bread, serial_bayou_crossing
D:4:      minmay_opposing_rooms, lemuel_coloured_pillars_altar,
          nrook_mini_vaults, uniq_edmund

Skill      XL: |  1  2  3  4  5  6 |
---------------+-------------------+-----
Spellcasting   | 5 |  5.4
Short Blades   | 1 2 |  2.1
Long Blades    | 1 2 |  2.1
Axes           | 1 2 |  2.1
Maces & Flails | 1 2 |  2.1
Polearms       | 1 2 |  2.1
Staves         | 1 2 |  2.1
Slings         | 1 2 |  2.1
Bows           | 1 2 |  2.1
Crossbows      | 1 2 |  2.1
Throwing       | 1 2 |  2.1
Armour         | 1 2 |  2.1
Stealth        | 1 2 |  2.1
Shields        | 1 2 |  2.1
Conjurations   | 1 2 |  2.1
Hexes          | 1 2 |  2.1
Charms         | 1 2 |  2.1
Summonings     | 1 2 |  2.1
Necromancy     | 1 2 |  2.1
Translocations | 1 2 |  2.1
Fire Magic     | 1 2 |  2.1
Ice Magic      | 1 2 |  2.1
Air Magic      | 1 2 |  2.1
Earth Magic    | 1 2 |  2.1
Poison Magic   | 1 2 |  2.1
Invocations    | 1 2 |  2.1
Evocations     | 1 2 |  2.1
Fighting       | 3 |  3.3
Dodging        | 5 |  5.0
Transmutations | 5 |  5.0
Unarmed Combat | |  6.9

Action                   |  1- 3 |  4- 6 || total
-------------------------+-------+-------++-------
Melee: Unarmed           |    77 |   205 ||   282
       Kick              |     7 |    46 ||    53
       Bite              |     4 |    33 ||    37
       Headbutt          |     7 |       ||     7
       Punch             |     3 |    11 ||    14
 Cast: Beastly Appendage |    17 |    23 ||    40
  Use: Potion            |       |     4 ||     4
 Stab: Sleeping          |     1 |     1 ||     2
  Eat: Chunk             |       |     7 ||     7
Armor: Robe              |    10 |    18 ||    28
Dodge: Dodged            |    45 |   136 ||   181

Table legend:
 A = Spawn XP
 B = Non-spawn XP
 C = Spawn XP percentage of total XP
 D = Spawn monster count
 E = Non-spawn monster count
 F = Spawn count percentage of total count
 G = Total turns spent on level
                    A         B        C        D         E        F      G
               +---------+---------+-------+---------+---------+-------+---------
         Total |       0 |     609 |   0.0 |       0 |      81 |   0.0 |  3309
               +---------+---------+-------+---------+---------+-------+---------
           D:1 |       0 |      25 |   0.0 |       0 |      12 |   0.0 |   611
           D:2 |       0 |      66 |   0.0 |       0 |      23 |   0.0 |   982
           D:3 |       0 |     326 |   0.0 |       0 |      30 |   0.0 |   760
           D:4 |       0 |     192 |   0.0 |       0 |      16 |   0.0 |   956
               +---------+---------+-------+---------+---------+-------+---------
